 Dungeon Crawl Stone Soup version 0.31-a0-836-g3ceb0a68c4 (webtiles) character file.

Game seed: 4067892243331928891

567 lunkers the Insei (level 7, -1/52 HPs)
             Began as a Meteoran Shapeshifter on Sept 26, 2023.
             Slain by a bullfrog (3 damage)
             ... in a sewer.
             The game lasted 00:04:25 (1794 turns).

lunkers the Insei (Meteoran Shapeshifter)           Turns: 1794, Time: 00:04:25

Health: -1/52      AC:  5    Str: 16    XL:     7   Next: 91%
Magic:  8/8        EV: 11    Int: 11    God:
Gold:   176        SH:  0    Dex: 16    Spells: 6/6 levels left

rFire   . . .        p - +4 arbalest of Honesty {flame, +Blink}
rCold   . . .        (shield currently unavailable)
rNeg    . . .        t - +0 ring mail
rPois   .            (helmet currently unavailable)
rElec   .            (cloak currently unavailable)
rCorr   .            (gloves currently unavailable)
SInv    .            (boots currently unavailable)
Will    .....        (no amulet)
Stlth   +            g - ring of flight
HPRegen 0.28/turn    (no ring)
MPRegen 0.11/turn

%: no passive effects
@: beast-form, flying, glowing
A: beast (slay +3), sense surroundings 1, otherworldly, glowing, explore regen
a: Begin Untransformation, Evoke Blink


You were in a sewer.
You were a hulking beast.
You visited 1 branch of the dungeon, and saw 4 of its levels.
You also visited: Sewer.

You collected 176 gold pieces.

Inventory:

Hand Weapons
 p - the +4 arbalest of Honesty (weapon) {flame, +Blink}
   (You found it on level 4 of the Dungeon)

   +Blink:    It lets you blink.
Missiles
 r - a throwing net
Armour
 a - a +0 animal skin
 t - a +0 ring mail (worn)
Jewellery
 g - a ring of flight (left hand)
Talismans
 c - a beast talisman (active)
 d - a flux talisman
Scrolls
 e - 2 scrolls of teleportation {unknown}
 f - 3 scrolls of identify {unknown}
 h - 2 scrolls of enchant weapon {unknown}
 i - a scroll of brand weapon {unknown}
 j - a scroll of poison {unknown}
 l - a scroll of acquirement {unknown}
 m - a scroll of immolation {unknown}
 o - a scroll of noise {unknown}
 u - a scroll of fog {unknown}
Potions
 b - a potion of curing {unknown}
 k - a potion of haste {unknown}
 n - 2 potions of might {unknown}
 q - 2 potions of invisibility {unknown}
 s - a potion of attraction {unknown}
 v - 2 potions of lignification


   Skills:
 - Level 1.1 Fighting
 - Level 4.0 Ranged Weapons
 - Level 2.1 Dodging
 * Level 7.3 Unarmed Combat
 + Level 5.5 Shapeshifting


You had 6 spell levels left.
You didn't know any spells.
Your spell library contained the following spells:

 Spells                   Type           Power      Damage    Failure   Level
 Summon Small Mammal      Summ           0%         N/A       56%         1
 Call Canine Familiar     Summ           0%         N/A       90%         3
 Summon Guardian Golem    Hex/Summ       0%         N/A       90%         3


Dungeon Overview and Level Annotations

Branches:
Dungeon (4/15) Zot: 821     Sewer (1/1) Zot: 307
 Temple: D:4-7

Altars:


Innate Abilities, Weirdness & Mutations

You are a hulking beast.
Your limbs bulge with bestial killing power. (Slay +3)
You passively map a small area around you.
You are easily found by Zot.
You glow in the dark.
You regain HP and MP as you explore.


Message History

The bullfrog hits you.
* * * LOW HITPOINT WARNING * * *
The bullfrog hits you but does no damage.
Fire: p) +4 arbalest of Honesty {flame, +Blink}
Press: ? - help, Q - select action, (/) - cycle Shift-Dir - straight line, f - bullfrog
Aim: a bullfrog (water, severely wounded, 58% to hit)
You shoot a bolt. The bolt hits the bullfrog!!
The bolt burns the bullfrog.
You kill the bullfrog!
The bullfrog hits you.
* * * LOW HITPOINT WARNING * * *
The frilled lizard bites you but does no damage.
The bullfrog barely misses you.
Training target 4.0 for Ranged Weapons reached!
Your Ranged Weapons skill increases to level 4!
You need to enable at least one skill for training.
Fire: p) +4 arbalest of Honesty {flame, +Blink}
Press: ? - help, Q - select action, (/) - cycle Shift-Dir - straight line, f - frilled lizard
Aim: a frilled lizard (water, 51% to hit)
You shoot a bolt.
The bolt closely misses the frilled lizard.
The bullfrog hits you but does no damage. x2
The frilled lizard misses you. The frilled lizard bites you.
* * * LOW HITPOINT WARNING * * *
The bullfrog hits you.
* * * LOW HITPOINT WARNING * * *
The frilled lizard barely misses you. The frilled lizard bites you.
* * * LOW HITPOINT WARNING * * *
The bullfrog hits you.
* * * LOW HITPOINT WARNING * * *
Fire: p) +4 arbalest of Honesty {flame, +Blink}
Press: ? - help, Q - select action, (/) - cycle Shift-Dir - straight line, f - bullfrog, p - frilled lizard
Aim: a bullfrog (water, 60% to hit)
You shoot a bolt. The bolt hits the bullfrog.
The bolt burns the bullfrog.
The bullfrog is moderately wounded.
The bullfrog hits you.
* * * LOW HITPOINT WARNING * * *
The frilled lizard bites you.
* * * LOW HITPOINT WARNING * * *
The bullfrog hits you.
You die...

#~~≈~≈≈#####
#~≈~~†≈#
#~≈~~~≈#
#≈≈≈~~≈#
#≈≈≈~~≈#
#~~~~≈≈#
#≈~~~~≈#
#~≈≈≈≈≈#
#≈~~~≈≈#
#~~~~≈≈#
#~≈~≈≈≈#
##~~~~≈#
#≈~#~≈≈#
#≈~..~~#
#~.≈≈≈≈#
#≈~~~~≈#
#~.~≈lh#
#≈≈~~~~#
#≈~≈~lF#
#≈≈~≈≈~#
#≈≈~~~≈#
#≈≈~~~~#
#≈~~~≈≈#
#~≈~≈~≈#
#≈~≈~≈≈#
#~~≈~≈≈#
#≈≈≈~≈J#
#~~≈≈≈≈#
#≈~~#~≈#
#≈~≈≈≈≈###
#.~~~~##
##~~~~.##.
#...†.
#......##.


You could see a bullfrog, an endoplasm and 2 frilled lizards.

Vanquished Creatures
  A water moccasin (D:4)
  A bullfrog (Sewer)
  A gnoll bouda (D:4)
  An orc priest (D:4)
  Terence (D:3)
  2 orc wizards
  3 gnolls (D:4)
  6 river rats
  7 adders
  An ufetubus (D:4)
  2 worms (D:2)
  3 dart slugs
  6 orcs
  17 ball pythons
  7 bats
  4 endoplasms
  4 giant cockroaches
  6 hobgoblins
  3 kobolds
  5 quokkas
  4 frilled lizards
  5 goblins
  26 rats
116 creatures vanquished.

Notes
Turn   | Place    | Note
-------+----------+-------------------------------------------
     0 | D:1      | lunkers the Meteoran Shapeshifter began the quest for the
                  | Orb.
     0 | D:1      | Reached XP level 1. HP: 16/16 MP: 2/2
    80 | D:1      | Reached XP level 2. HP: 23/23 MP: 3/3
   105 | D:1      | Reached skill level 4 in Unarmed Combat
   181 | D:1      | Reached XP level 3. HP: 23/28 MP: 4/4
   943 | D:3      | Reached XP level 4. HP: 35/35 MP: 5/5
  1003 | D:3      | Reached skill level 5 in Unarmed Combat
  1067 | D:3      | Found a faded altar of an unknown god.
  1101 | D:3      | Noticed Terence
  1107 | D:3      | Killed Terence
  1196 | D:3      | Reached XP level 5. HP: 25/40 MP: 6/6
  1338 | D:3      | Reached skill level 6 in Unarmed Combat
  1446 | D:4      | Reached XP level 6. HP: 35/47 MP: 7/7
  1461 | D:4      | Identified the +4 arbalest of Honesty {flame, +Blink}
  1466 | D:4      | Reached skill level 5 in Shapeshifting
  1482 | D:4      | Noticed a water moccasin
  1489 | D:4      | Killed a water moccasin
  1490 | D:4      | Reached skill level 7 in Unarmed Combat
  1490 | D:4      | Reached XP level 7. HP: 36/52 MP: 8/8
  1497 | D:4      | Reached skill level 1 in Ranged Weapons
  1545 | D:4      | Found a glowing drain.
  1565 | Sewer    | Entered a sewer
  1794 | Sewer    | HP: 2/52 [frilled lizard (1)]
  1794 | Sewer    | Slain by a bullfrog

Illustrated notes

Levels and vault maps discovered:
D:1:      saegor_arrival_fortress, layout_basic
D:2:      layout_basic
D:3:      layout_basic, ebering_ecumenical_altar_box, uniq_terence
D:4:      layout_rooms, cheibrodos_sewer_entry_sluice
Sewer:    sewer_minmay_w

Skill      XL: |  1  2  3  4  5  6  7 |
---------------+----------------------+-----
Unarmed Combat | 4 5 6 7 |  7.3
Shapeshifting  | 4 5 |  5.5
Ranged Weapons | 4 |  4.0
Fighting       | |  1.1
Dodging        | |  2.1

Action                     |  1- 3 |  4- 6 |  7- 9 || total
---------------------------+-------+-------+-------++-------
  Melee: Unarmed           |    72 |    73 |       ||   145
         Punch             |     2 |       |       ||     2
   Fire: Arbalest          |       |    12 |   103 ||   115
    Use: Potion            |       |     1 |       ||     1
 Armour: Animal skin       |    21 |    47 |    20 ||    88
         Skin              |       |     3 |       ||     3
         Ring mail         |       |       |    30 ||    30
  Dodge: Dodged            |    41 |    57 |    53 ||   151

Table legend: (Time is in decaauts)
 A = Elapsed time spent in this place.
 B = Non-inter-level travel time spent in this place.
 C = Inter-level travel time spent in this place.
 D = Time resting spent in this place.
 E = Time spent auto-exploring this place.
 F = Levels seen in this place.
 G = Mean time per level.
                   A        B        C        D        E       F      G
               +--------+--------+--------+--------+--------+-----+--------+
         Total |   1869 |   1869 |      0 |     40 |   1189 |   5 |  373.8 |
       Dungeon |   1579 |   1579 |      0 |     40 |   1097 |   4 |  394.8 |
         Sewer |    290 |    290 |      0 |      0 |     92 |   1 |  290.0 |
               +--------+--------+--------+--------+--------+-----+--------+

Top non-repeatable levels by time:
     D:1: 479 daAuts
     D:3: 464 daAuts
     D:2: 454 daAuts
   Sewer: 290 daAuts
     D:4: 181 daAuts
